 Dungeon Crawl Stone Soup version 0.31-a0-188-g5e087ee2ca (webtiles) character file.

Game seed: 190233874100651523

14 qw the Shooter (level 2, -1/16 HPs)
             Began as a Deep Elf Hunter on June 22, 2023.
             Succumbed to their own poison gas
             ... on level 1 of the Dungeon.
             The game lasted 00:00:11 (945 turns).

qw the Shooter (Deep Elf Hunter)                     Turns: 945, Time: 00:00:12

Health: -1/16      AC:  3    Str:  8    XL:     2   Next: 27%
Magic:  4/4        EV: 12    Int: 13    God:
Gold:   43         SH:  0    Dex: 18    Spells: 1/1 levels left

rFire   . . .        Y - +0 shortbow
rCold   . . .        (shield currently unavailable)
rNeg    . . .        c - +0 leather armour
rPois   .            (no helmet)
rElec   .            (no cloak)
rCorr   .            (no gloves)
SInv    .            (no boots)
Will    .....        (no amulet)
Stlth   ++           (no ring)
HPRegen 0.22/turn    (no ring)
MPRegen 0.09/turn

%: no passive effects
@: lethally poisoned (-1 -> -15)
A: no striking features
a: no special abilities


You were on level 1 of the Dungeon.
You visited 1 branch of the dungeon, and saw 1 of its levels.

You collected 43 gold pieces.


   Skills:
 - Level 1.5 Fighting
 + Level 6.1 Ranged Weapons
 - Level 2.4 Dodging
 - Level 1.2 Stealth


You had one spell level left.
You didn't know any spells.
Your spell library was empty.

Inventory:

Hand Weapons
 Y - a +0 shortbow (weapon)
Armour
 c - a +0 leather armour (worn)
Potions
 f - a potion of cancellation {unknown}
 g - a potion of curing {unknown}

Dungeon Overview and Level Annotations

Branches:
Dungeon (1/15)

Altars:


Message History

Enter note:
Enter note:
Enter note: Done exploring.
940 ||| READING scroll labelled SARYSOSONI.
As you read the scroll labelled SARYSOSONI, it crumbles to dust.
The air around you briefly surges with heat, but it dissipates.
It was a scroll of immolation.
Done exploring.
941 ||| READING 4 scrolls labelled PYAH TYWETAKY.
As you read the scroll labelled PYAH TYWETAKY, it crumbles to dust.
You hear a loud clanging noise!
It was a scroll of noise.
Done exploring.
942 ||| DROPPING scroll of butterflies.
You drop a scroll of butterflies.
Done exploring.
943 ||| DROPPING 3 scrolls of noise.
You drop 3 scrolls of noise.
Done exploring.
(D) Dungeon
Where to? (* - list waypoints, ? - help)
What level of the Dungeon? (default 1, ? - help) Sorry, I don't know how to get there.
Enter note:
Enter note:
Enter note:
Enter note:
Enter note:
Enter note:
Enter note:
Enter note:
Enter note:
Enter note:
Enter note:
Enter note: Really walk into that cloud of poison gas?
You are engulfed in poison gas.
You are lethally poisoned!
Ouch! That really hurt!
You feel very sick.
945 ||| Stepping ~*~*~tactically~*~*~ (cloud).
You die...

#.###.##.###.##...
#######.###.##.# #.#####
#######.###.##.# #.#
#####.......##.###'## ##
#####.#.######.##...###.
#####¤#.######.#.....##.
#####¤#..#####........#.
#..¤¤0¤77..............#
#.####¤@777..777.......#
#.#####P0P7#77P.7.....##
#.#####77¤777P.77.....#.
#.######7¤0P7..P7....##(
#.######7.PP¤PP77...###(
#.######7.PP0P77##'## #.
#.######77.¤77# #.# #.
#........7.¤77# #.# ##
#####.#..7.77 ##.## #


There were no monsters in sight!

Vanquished Creatures
  A giant cockroach (D:1)
  A goblin (D:1)
  2 hobgoblins (D:1)
  A kobold (D:1)
  2 quokkas (D:1)
  A ball python (D:1)
  A bat (D:1)
  A frilled lizard (D:1)
  3 rats (D:1)
13 creatures vanquished.

Notes
Turn   | Place    | Note
-------+----------+-------------------------------------------
     0 | D:1      | qw the Deep Elf Hunter began the quest for the Orb.
     0 | D:1      | Reached XP level 1. HP: 12/12 MP: 3/3
     0 | D:1      | 0 ||| qw: Version: 0.3-a-9-g12657ce
     0 | D:1      | 0 ||| qw: Game counter: 2883
     0 | D:1      | 0 ||| qw: Always use a shield: true
     0 | D:1      | 0 ||| qw: God list: Okawaru
     0 | D:1      | 0 ||| qw: Allow faded altars: false
     0 | D:1      | 0 ||| qw: Do Orc after D:15 true
     0 | D:1      | 0 ||| qw: Do second Lair branch before Depths: true
     0 | D:1      | 0 ||| qw: Lair rune preference: random
     0 | D:1      | 0 ||| qw: Plans: Normal
     0 | D:1      | 0 ||| PLANNING D:1-11
   521 | D:1      | Reached skill level 6 in Ranged Weapons
   521 | D:1      | Reached XP level 2. HP: 16/16 MP: 4/4
   937 | D:1      | 937 ||| READING scroll labelled EDOHECI UGEAMI.
   938 | D:1      | 938 ||| READING scroll labelled EJOUDO VEMATAU.
   939 | D:1      | 939 ||| READING scroll labelled BOH JUUNIOVARO.
   940 | D:1      | 940 ||| READING scroll labelled SARYSOSONI.
   941 | D:1      | 941 ||| READING 4 scrolls labelled PYAH TYWETAKY.
   942 | D:1      | 942 ||| DROPPING scroll of butterflies.
   943 | D:1      | 943 ||| DROPPING 3 scrolls of noise.
   944 | D:1      | HP: 3/16 [poisoned by you (poison gas)]
   945 | D:1      | 945 ||| Stepping ~*~*~tactically~*~*~ (cloud).
   945 | D:1      | Succumbed to their own poison gas

Levels and vault maps discovered:
D:1:      minmay_arrival_shattered_statue, layout_loops_corners, serial_forest,
          infiniplex_forest_join, infiniplex_forest_end_2,
          infiniplex_forest_corner_1, infiniplex_forest_clump_small,
          infiniplex_forest_clump_small

Skill      XL: |  1 |
---------------+----+-----
Ranged Weapons | 6 |  6.1
Fighting       | |  1.5
Dodging        | |  2.4
Stealth        | |  1.2

Action                     || total
---------------------------++-------
   Fire: Shortbow          ||    30
    Use: Scroll            ||     5
 Armour: Leather armour    ||     3
  Dodge: Dodged            ||     6

Table legend:
 A = Non-vault XP
 B = Vault XP
 C = Vault XP percentage of total XP
 D = Non-vault monster count
 E = Vault monster count
 F = Vault count percentage of total count
                 A         B        C        D         E       F
            +---------+---------+-------+---------+---------+-------
      Total |      20 |       0 |   0.0 |      13 |       0 |   0.0
            +---------+---------+-------+---------+---------+-------
        D:1 |      20 |       0 |   0.0 |      13 |       0 |   0.0
            +---------+---------+-------+---------+---------+-------
